[Event "*** Titled Tuesday Blitz"]
[Site "Chess.com"]
[Date "2021.02.02"]
[Round "6"]
[White "alexrustemov"]
[Black "GelmanAlexander"]
[Result "1-0"]
[WhiteElo "2772"]
[BlackElo "2583"]
[TimeControl "180+1"]
[EndTime "11:08:07 PST"]
[Termination "alexrustemov won by resignation"]

1. d4 Nf6 2. Nf3 c5 3. d5 e6 4. c4 b5 5. Bg5 exd5 6. cxd5 h6 7. Bxf6 Qxf6 8. Qc2 d6 9. e4 a6 10. a4 b4 11.
Nbd2 Be7 12. Bd3 O-O 13. a5 Bg4 14. O-O Nd7 15. Rfe1 Rfe8 16. Re3 Bxf3 17. Rxf3 Qh4 18. Nc4 Bf8 19. Re3 Ne5 20. Nb6 Ra7 21. Rae1 Ng4 22. Rh3 Qf6 23. Rf3 Qh4 24. h3 Ne5 25. Rfe3 g6 26. Bf1 g5 27. g3 Qh5 28. Kg2 Bg7 29.
b3 Kh8 30. Be2 Qg6 31. Qd1 f5 32. Bh5 Qf6 33. Bxe8 f4 34. Rf3 Nxf3 35. Qxf3 Re7 36.
Bh5 Qb2 37. Re2 Qb1 38. Nc4 fxg3 39. Nxd6 gxf2 40. Rxf2 Qe1 41. Nf7+ Kg8 42. d6 Rxe4 43. d7 Rd4 44. d8=Q+ Rxd8 45. Nxd8 1-0

[Event "*** Titled Tuesday Blitz"]
[Site "Chess.com"]
[Date "2021.02.02"]
[Round "6"]
[White "ShapkinAnatoliy"]
[Black "WPWPWP-2015"]
[Result "0-1"]
[WhiteElo "2618"]
[BlackElo "2488"]
[TimeControl "180+1"]
[EndTime "11:08:07 PST"]
[Termination "WPWPWP-2015 won by resignation"]

1. d4 Nf6 2. c4 e6 3. g3 d5 4. Nf3 Bb4+ 5. Qd2 Bxd2+ 6. Nbxd2 O-O 7. Bg2 c5 8. cxd5 Nxd5 9. O-O cxd4 10. Nxd4 Nc6 11.
Nxc6 bxc6 12. Ne4 Ba6 13. Bf3 f5 14. Nc5 Bc8 15. b3 Qf6 16. Ba3 e5 17. e4 fxe4 18. Bxe4 Bh3 19. f3 Bxf1 20. Rxf1 Nc3 21. Bd3 e4 22.
Bc4+ Kh8 23. Ne6 Rfe8 24. fxe4 Qe5 25. Nf4 Nxe4 26. Bc1 Ng5 27. h4 Ne4 28. Kg2 Nd6 29. Bd3 Rf8 30. Kh2 Nf5 31. Rf2 Rad8 32. Bb2 Qe3 33.
Bxg7+ Kxg7 34. Nh5+ Kh6 35. Rxf5 Rxf5 36. Bxf5 Qf2+ 0-1

[Event "*** Titled Tuesday Blitz"]
[Site "Chess.com"]
[Date "2021.02.02"]
[Round "6"]
[White "TeukkaSalama"]
[Black "TST2014"]
[Result "0-1"]
[WhiteElo "2373"]
[BlackElo "2554"]
[TimeControl "180+1"]
[EndTime "11:08:07 PST"]
[Termination "TST2014 won by resignation"]

1. d4 Nf6 2. Bf4 d6 3. e3 g6 4.
Nf3 Bg7 5. Be2 Nbd7 6. h3 O-O 7.
O-O e6 8. c4 Qe7 9. Nc3 b6 10.
Qc2 Bb7 11. b4 e5 12. Bh2 Rfe8 13. Rfe1 a6 14. a4 a5 15. b5 Qf8 16. Rad1 h6 17. c5 bxc5 18. dxe5 dxe5 19. Bc4 Bxf3 20. gxf3 Nb6 21.
Ba2 c4 22. Kh1 Kh7 23. Rg1 Rad8 24. Bb1 Rxd1 25. Qxd1 Qb4 26. Qc2 Kh8 27. Rd1 Qb3 28. Rd2 Qxc2 29. Bxc2 Nfd7 30. Nd5 Nxd5 31. Rxd5 Nb6 32.
Rc5 Re7 33. Kg2 Kg8 34. Kf1 Kf8 35. Ke2 Ke8 36. Kd2 Kd7 37. Be4 Re6 38. Bc6+ Kd6 39. Kc3 Kxc5 40. e4 Nxa4+ 0-1

[Event "*** Titled Tuesday Blitz"]
[Site "Chess.com"]
[Date "2021.02.02"]
[Round "6"]
[White "hleol"]
[Black "klimkoj"]
[Result "1-0"]
[WhiteElo "2418"]
[BlackElo "2547"]
[TimeControl "180+1"]
[EndTime "11:08:07 PST"]
[Termination "hleol won on time"]

1. d4 Nf6 2. Bg5 d5 3. e3 c5 4.
Nf3 Nc6 5. c3 Bg4 6. Nbd2 h6 7.
Bh4 e6 8. Bd3 Bd6 9. h3 Bxf3 10.
Nxf3 Qc7 11. dxc5 Bxc5 12. Bg3 Bd6 13. Bxd6 Qxd6 14. O-O O-O 15. Nd4 Rac8 16. Nxc6 Rxc6 17. Qa4 a6 18. Rfd1 Qe5 19. Qd4 Qc7 20. Kh1 Rd8 21. g4 e5 22. Qa4 Rb6 23. Rab1 e4 24. Be2 Nh7 25. c4 Ng5 26. Kg2 Rf6 27. Rxd5 Rxd5 28. cxd5 b5 29. Qd1 h5 30. Rc1 Qd7 31. Rc6 Rxc6 32. dxc6 Qxd1 33. Bxd1 Ne6 34. gxh5 Kf8 35. Bg4 Nc7 36. Bf5 1-0

[Event "*** Titled Tuesday Blitz"]
[Site "Chess.com"]
[Date "2021.02.02"]
[Round "6"]
[White "OlifantCZ"]
[Black "Unknown_IM"]
[Result "1-0"]
[WhiteElo "2179"]
[BlackElo "2373"]
[TimeControl "180+1"]
[EndTime "11:08:07 PST"]
[Termination "OlifantCZ won by resignation"]

1. c4 Nf6 2. g3 e6 3. Bg2 d5 4. Nf3 c5 5. O-O Nc6 6. b3 Be7 7. e3 O-O 8. Bb2 b6 9. Nc3 Bb7 10. cxd5 exd5 11. d4 a6 12. Ne5 cxd4 13. exd4 Rc8 14.
h3 Re8 15. f4 Bb4 16. Kh2 Nxe5 17. dxe5 Bxc3 18. Bxc3 Rxc3 19. exf6 Qxf6 20. Re1 Rd8 21. Rc1 Rxc1 22. Qxc1 Qd6 23. Qd2 h6 24. Qd4 Ba8 25.
b4 a5 26. a3 Rc8 27. Re5 axb4 28. axb4 Rc4 29. Re8+ Kh7 30. Qd3+ g6 31. Rxa8 Rxb4 32.
Qxd5 Qxd5 33. Bxd5 Rb2+ 34. Bg2 b5 35. Rb8 Kg7 36.
Rb7 b4 37. g4 Kf6 38. Kg3 Rb3+ 39.
Kf2 Rb2+ 40. Kg3 Rb3+ 41. Bf3 Kg7 42. Kf2 Rb2+ 43. Ke3 Rb3+ 44. Ke4 Kf6 45. f5 gxf5+ 46. gxf5 Rb1 47. Kf4 b3 48. Rb6+ Kg7 49. f6+ Kg6 50.
Be4+ Kh5 51. Bxb1 Kh4 52. Rxb3 h5 53. Rb5 1-0

[Event "*** Titled Tuesday Blitz"]
[Site "Chess.com"]
[Date "2021.02.02"]
[Round "6"]
[White "AsadliVugar"]
[Black "Kovalchuk94"]
[Result "1-0"]
[WhiteElo "2852"]
[BlackElo "2640"]
[TimeControl "180+1"]
[EndTime "11:08:08 PST"]
[Termination "AsadliVugar won by resignation"]

1. e3 Nf6 2. Nf3 g6 3. b3 Bg7 4.
Bb2 O-O 5. g3 d5 6. Bg2 c6 7.
O-O a5 8. a3 Nbd7 9. d3 Re8 10.
Nbd2 e5 11. e4 dxe4 12. dxe4 b5 13. Re1 Qc7 14. b4 axb4 15. axb4 Rxa1 16. Qxa1 Bb7 17. c4 Ra8 18. Qc1 Qd6 19. c5 Qe6 20. Qc3 Ne8 21. Nb3 Bc8 22. Na5 f6 23. Rd1 Nb8 24. Rd8 Na6 25.
Bf1 Nc7 26. Be2 Bd7 27. Rxa8 Nxa8 28. Bd1 Qe7 29. Bb3+ Kh8 30. Qd3 Nac7 31. Ne1 h5 32.
h4 Kh7 33. Ng2 Ne6 34. f4 exf4 35. gxf4 N6c7 36. Qf3 Na6 37. f5 Nxc5 38. fxg6+ Kxg6 39. Nf4+ Kh7 40. Qxh5+ Bh6 41. Qg6+ 1-0

[Event "*** Titled Tuesday Blitz"]
[Site "Chess.com"]
[Date "2021.02.02"]
[Round "6"]
[White "Kildepiotr"]
[Black "2nd_life"]
[Result "1/2-1/2"]
[WhiteElo "2584"]
[BlackElo "2454"]
[TimeControl "180+1"]
[EndTime "11:08:08 PST"]
[Termination "Game drawn by repetition"]

1. Nf3 Nf6 2. g3 d5 3. Bg2 c6 4. O-O Bg4 5. d3 Nbd7 6. Nbd2 e6 7. e4 Bc5 8. h3 Bxf3 9. Qxf3 O-O 10. Qe2 a5 11.
Kh2 e5 12. Nf3 dxe4 13. dxe4 a4 14. Bg5 h6 15. Bd2 b5 16. b4 axb3 17. axb3 Qe7 18. Nh4 Qe6 19. Nf5 Rfd8 20. Rfd1 Kh7 21. Be3 Bf8 22. Rxa8 Rxa8 23. Qd2 Nc5 24. f3 Nb7 25. h4 Rd8 26. Qc1 Rxd1 27. Qxd1 g6 28. Bh3 Qe8 29. Qd2 gxf5 30. Bxf5+ Kg8 31. Bxh6 Bxh6 32. Qxh6 Qe7 33. g4 Nd6 34. g5 Nxf5 35. exf5 Qc5 36. Qxf6 Qf2+ 37.
Kh3 Qxf3+ 38. Kh2 Qf2+ 39. Kh3 Qf3+ 40. Kh2 Qf2+ 41. Kh3 Qf3+ 1/2-1/2

[Event "*** Titled Tuesday Blitz"]
[Site "Chess.com"]
[Date "2021.02.02"]
[Round "6"]
[White "Fandorine"]
[Black "remi04"]
[Result "1-0"]
[WhiteElo "2829"]
[BlackElo "2616"]
[TimeControl "180+1"]
[EndTime "11:08:09 PST"]
[Termination "Fandorine won by resignation"]

1. d4 Nf6 2. Nf3 e6 3. c4 d5 4. g3 dxc4 5. Bg2 Be7 6. O-O O-O 7.
Qc2 a6 8. a4 Nbd7 9. Nbd2 c5 10.
Nxc4 cxd4 11. Nxd4 Bc5 12. Rd1 Qe7 13. Bf4 e5 14.
Nf5 Qe6 15. Be3 g6 16. Nfd6 Rb8 17. Bxc5 Nxc5 18. a5 h5 19. b4 Ncd7 20. Ne3 b6 21.
axb6 Nxb6 22. Qc7 Bd7 23. Rxa6 Na8 24. Qa5 Qb3 25. Rxa8 Rxa8 26. Bxa8 Ng4 27. Bd5 Qc3 28. Ne4 1-0

[Event "*** Titled Tuesday Blitz"]
[Site "Chess.com"]
[Date "2021.02.02"]
[Round "6"]
[White "Jospem"]
[Black "Firstov"]
[Result "1-0"]
[WhiteElo "3032"]
[BlackElo "2505"]
[TimeControl "180+1"]
[EndTime "11:08:09 PST"]
[Termination "Jospem won by resignation"]

1. e4 b6 2. d4 Bb7 3. Bd3 e6 4.
Qe2 Nf6 5. Nd2 Be7 6. Ngf3 c5 7. c3 Nc6 8. a3 d6 9. O-O O-O 10. Re1 e5 11. d5 Nb8 12. b4 Nbd7 13.
Nc4 g6 14. a4 Qc7 15. Bh6 Rfc8 16. Bd2 Nh5 17. g3 a6 18. b5 a5 19. Rf1 Rf8 20.
Ne1 Bf6 21. Ng2 Bg7 22. g4 Nhf6 23. f4 exf4 24. Bxf4 Ne5 25. Nxe5 dxe5 26. Bg3 Ne8 27. Ne3 Nd6 28. Rf2 Rae8 29. Raf1 Bh6 30. Rf6 Bg5 31.
R6f2 Kg7 32. h4 Bxe3 33. Qxe3 f6 34. g5 f5 35. exf5 Nxf5 36. Bxf5 gxf5 37. Rxf5 Rxf5 38. Rxf5 Kg6 39. Qe4 Bxd5 40. Rf6+ Kg7 41. Qxd5 1-0

[Event "*** Titled Tuesday Blitz"]
[Site "Chess.com"]
[Date "2021.02.02"]
[Round "6"]
[White "exoticprincess"]
[Black "MilosJi"]
[Result "0-1"]
[WhiteElo "2842"]
[BlackElo "2667"]
[TimeControl "180+1"]
[EndTime "11:08:10 PST"]
[Termination "MilosJi won by resignation"]

1. e4 d5 2. exd5 Qxd5 3. Nc3 Qd6 4. Be2 Nf6 5. Nf3 a6 6. O-O Nc6 7. d3 Bf5 8. h3 e6 9. Re1 Be7 10. Bf1 O-O 11. Bg5 h6 12. Bh4 Rfe8 13. Bg3 Qd7 14. Ne4 Rad8 15. Nfd2 Nxe4 16. Nxe4 Bg6 17. c3 Bd6 18. Nxd6 cxd6 19. d4 d5 20. a4 Na5 21. h4 Rc8 22. h5 Bh7 23. Qg4 Bf5 24. Qe2 Nc4 25. Bf4 Qd8 26. b3 Nd6 27. Bxd6 Qxd6 28. Qe3 Rc7 29. Rec1 Rd8 30. Be2 Qb6 31. b4 Qd6 32. a5 Re7 33. b5 axb5 34. Bxb5 Rc7 35.
Be2 Rdc8 36. Qd2 Qe7 37. Qb2 Be4 38. g3 Qf6 39. Ra4 Bf3 40. Bf1 Bxh5 41. Rb4 Qe7 42. Ra1 Bg6 43. Ra3 Be4 44. Rab3 Ra8 45. Rb5 Qf6 46. Be2 Bf3 47. Bd3 Qg5 48. Rxb7 Qh5 0-1

[Event "*** Titled Tuesday Blitz"]
[Site "Chess.com"]
[Date "2021.02.02"]
[Round "6"]
[White "chessasuke"]
[Black "Srisshhhtea"]
[Result "0-1"]
[WhiteElo "2567"]
[BlackElo "2456"]
[TimeControl "180+1"]
[EndTime "11:08:10 PST"]
[Termination "Srisshhhtea won by resignation"]

1. e4 c5 2. Nf3 d6 3. Nc3 Nf6 4. d4 cxd4 5. Nxd4 Nc6 6. Bg5 e6 7. Qd2 a6 8. O-O-O Bd7 9. Kb1 b5 10. f3 Nxd4 11. Qxd4 Be7 12. h4 Qc7 13. Bd3 e5 14. Qf2 Be6 15. Bxf6 Bxf6 16. Bf1 O-O 17. Nd5 Bxd5 18. Rxd5 Rfc8 19. Bd3 b4 20. g4 a5 21. g5 Bd8 22. Qg2 a4 23. h5 a3 24.
g6 axb2 25. gxf7+ Kf8 26. h6 g6 27. Qe2 b3 28. c4 bxa2+ 29. Kxb2 Rcb8+ 30. Rb5 Rxb5+ 31. cxb5 Qa5 32. Ka1 Bb6 0-1

[Event "*** Titled Tuesday Blitz"]
[Site "Chess.com"]
[Date "2021.02.02"]
[Round "6"]
[White "Pantata007"]
[Black "starplatinum2030"]
[Result "0-1"]
[WhiteElo "2232"]
[BlackElo "2087"]
[TimeControl "180+1"]
[EndTime "11:08:10 PST"]
[Termination "starplatinum2030 won on time"]

1. d4 d5 2. c4 dxc4 3. e3 Nf6 4. Bxc4 e6 5. Nf3 c5 6. O-O a6 7. dxc5 Qxd1 8. Rxd1 Bxc5 9. a3 b5 10. Be2 Bb7 11.
b4 Bb6 12. Bb2 Nbd7 13. Nbd2 O-O 14. Nd4 Ne5 15. Nxe6 fxe6 16. Bxe5 Rac8 17. Rac1 Bd5 18. Bf3 Rxc1 19. Rxc1 Rd8 20. Bxd5 Rxd5 21. Nf3 a5 22. h3 axb4 23. axb4 Nd7 24. Bd4 Kf7 25. Rc6 Bxd4 26. Nxd4 e5 27. Nf3 Rd1+ 28. Kh2 Rb1 29. Ng5+ Ke7 30.
Nxh7 Rxb4 31. Ng5 Rb2 32. Ne4 b4 33. Kg3 b3 34. Nc5 Rc2 35. Re6+ Kf7 0-1

[Event "*** Titled Tuesday Blitz"]
[Site "Chess.com"]
[Date "2021.02.02"]
[Round "6"]
[White "andy_rekt"]
[Black "zurzan"]
[Result "1-0"]
[WhiteElo "2241"]
[BlackElo "2029"]
[TimeControl "180+1"]
[EndTime "11:08:12 PST"]
[Termination "andy_rekt won by resignation"]

1. d4 d6 2. c4 f5 3. Nc3 Nf6 4.
g3 g6 5. Bg2 Bg7 6. Nh3 O-O 7.
Nf4 c6 8. d5 g5 9. Ne6 Bxe6 10.
dxe6 h6 11. Qc2 Ne8 12. h4 g4 13. e4 d5 14. cxd5 cxd5 15. Nxd5 Qd6 16. Bf4 Be5 17. Bxh6 Nc6 18. Bxf8 Kxf8 19. O-O Nd4 20. Qd2 fxe4 21.
Bxe4 Ng7 22. Qh6 Qxe6 23. Qh8+ Kf7 24. Qxa8 Nf3+ 25. Kg2 Nh5 26. Qxb7 Nxg3 27. fxg3 Bxg3 28. Bxf3 Bxh4 29. Bxg4+ Kg7 30. Bxe6 1-0

[Event "*** Titled Tuesday Blitz"]
[Site "Chess.com"]
[Date "2021.02.02"]
[Round "6"]
[White "ErikBlomqvist"]
[Black "OhanyanEminChess"]
[Result "0-1"]
[WhiteElo "2487"]
[BlackElo "2647"]
[TimeControl "180+1"]
[EndTime "11:08:17 PST"]
[Termination "OhanyanEminChess won by resignation"]

1. e4 e5 2. Bc4 Nf6 3. d3 c6 4. Nf3 d5 5. Bb3 Bd6 6. Nc3 Be6 7. O-O O-O 8. exd5 Nxd5 9. Ne4 Be7 10. Nxe5 Nd7 11. Nxd7 Qxd7 12. d4 Rad8 13. c3 Rfe8 14. Re1 Bf5 15. Bd2 Bh4 16. Qf3 Bg4 17. Qd3 Bf5 18.
Bc2 Bg6 19. Qf3 Be7 20. Bd3 Bf8 21. Re2 Re6 22. Rae1 Rde8 23. h4 h5 24. g3 Nf6 25.
Nc5 Bxc5 26. Rxe6 Rxe6 27. Rxe6 Bxd3 28. dxc5 fxe6 0-1

[Event "*** Titled Tuesday Blitz"]
[Site "Chess.com"]
[Date "2021.02.02"]
[Round "6"]
[White "FMKonstantin_Twitch"]
[Black "Jumbo"]
[Result "0-1"]
[WhiteElo "2621"]
[BlackElo "2816"]
[TimeControl "180+1"]
[EndTime "11:08:19 PST"]
[Termination "Jumbo won by resignation"]

1. Nf3 e6 2. g3 d5 3. Bg2 Nf6 4. O-O c5 5. c4 d4 6. b4 cxb4 7.
a3 Nc6 8. axb4 Bxb4 9. d3 O-O 10. Ba3 Bxa3 11. Nxa3 Nd7 12. Nb5 Nc5 13. Ra3 a6 14. Nd2 Rb8 15. Qc1 Ne5 16. Na7 Bd7 17. f4 Ng4 18. Qb2 Ne3 19. Rb1 Nxg2 20. Kxg2 b6 21. Qxd4 Qc7 22. Nb3 Qxa7 23. Qa1 Bc6+ 24. Kf2 Nxb3 25.
Rbxb3 a5 26. Qd4 Rfd8 27. Qe3 Qc7 28. c5 b5 29. Ra1 b4 30. d4 a4 31. Rbb1 b3 32. Qc3 Qd7 33. e3 Qd5 34. Ke2 Qg2+ 35. Kd3 Be4+ 36. Kc4 Qe2+ 0-1

[Event "*** Titled Tuesday Blitz"]
[Site "Chess.com"]
[Date "2021.02.02"]
[Round "6"]
[White "GadimbayliA"]
[Black "NMJeevanK"]
[Result "1-0"]
[WhiteElo "2877"]
[BlackElo "2515"]
[TimeControl "180+1"]
[EndTime "11:08:22 PST"]
[Termination "GadimbayliA won by resignation"]

1. e4 e5 2. Nf3 Nc6 3. Nc3 Nf6 4. d4 exd4 5. Nxd4 Nxd4 6. Qxd4 d6 7. Bc4 Be7 8. Bf4 O-O 9. O-O Be6 10. Bxe6 fxe6 11.
Qc4 Qd7 12. Rad1 Kh8 13. e5 Nh5 14. exd6 cxd6 15. Be3 d5 16. Qg4 Rf5 17. Ne2 Raf8 18. Nd4 Nf6 19. Qh3 Rh5 20. Qxe6 Qc7 21. h3 a6 22. Nf3 Bd6 23. h4 Re8 24. Qh3 Qxc2 25.
Ng5 Qg6 26. g4 Nxg4 27. Qxg4 h6 28. Rxd5 hxg5 29. Rxd6 Qh7 30. Bxg5 Rf8 31. Rfd1 g6 32. Rd8 Qg8 33. Rxf8 Qxf8 34. Rd8 1-0

[Event "*** Titled Tuesday Blitz"]
[Site "Chess.com"]
[Date "2021.02.02"]
[Round "6"]
[White "A-S-00"]
[Black "FMOlexandrProhorov"]
[Result "1-0"]
[WhiteElo "2326"]
[BlackElo "2142"]
[TimeControl "180+1"]
[EndTime "11:08:23 PST"]
[Termination "A-S-00 won by resignation"]

1. e4 c5 2. d4 cxd4 3. c3 Nf6 4.
e5 Nd5 5. cxd4 e6 6. Nc3 Nxc3 7. bxc3 Qc7 8. Bb2 d6 9. exd6 Bxd6 10. Nf3 Nc6 11.
Bd3 b6 12. O-O Bb7 13. h3 h6 14. c4 Nb4 15. Be2 O-O 16. a3 Nc6 17. Rc1 Rac8 18. d5 Ne5 19. dxe6 fxe6 20. Nd4 Qf7 21. Nb5 Bb8 22. Nd6 Bxd6 23. Qxd6 Ng6 24. Bh5 Qf5 25.
Bg4 Qg5 26. Qxe6+ Kh7 27. Rcd1 Nf4 28. Qe3 Rce8 29. Qg3 Nxg2 30. Rd7 Re7 31. Rxb7 Rxb7 32. Qxg2 Re7 33. Bd4 Qf5 34. Bxf5+ 1-0

[Event "*** Titled Tuesday Blitz"]
[Site "Chess.com"]
[Date "2021.02.02"]
[Round "6"]
[White "zimmm36"]
[Black "bazar-wokzal"]
[Result "0-1"]
[WhiteElo "2076"]
[BlackElo "2514"]
[TimeControl "180+1"]
[EndTime "11:08:24 PST"]
[Termination "bazar-wokzal won by resignation"]

1. d4 Nf6 2. c4 Nc6 3. d5 Ne5 4. e4 e6 5. f4 Ng6 6. e5 Ne4 7. Nf3 Bc5 8. Qc2 Nf2 9. b4 Nxh1 10. bxc5 O-O 11. Bd3 d6 12. cxd6 cxd6 13. Ba3 Nxf4 14. Bxh7+ Kh8 15. Bxd6 exd5 16. cxd5 g6 17. g3 Bf5 18.
Qc3 Nd3+ 19. Kf1 Kxh7 20. Nbd2 Qb6 21. Bc5 Nxc5 22. e6 Nd3 23. Ng5+ Kh6 24. Nge4 Nhf2 25. e7 Nxe4 26. exf8=Q+ Rxf8 27. Nxe4 Bxe4 28. Qd2+ Kh7 29. Rd1 Qd4 30. Qe2 Qxd5 31. Qe3 Bf5 32. Kg1 Rc8 33. g4 Rc2 34. Qh3+ Kg7 35. gxf5 Qd4+ 36. Kh1 Nf2+ 37. Kg2 Nxh3+ 38. Kxh3 Qe3+ 0-1

[Event "*** Titled Tuesday Blitz"]
[Site "Chess.com"]
[Date "2021.02.02"]
[Round "6"]
[White "chescomhuynya"]
[Black "Murad_Ibrahimli"]
[Result "0-1"]
[WhiteElo "2511"]
[BlackElo "2836"]
[TimeControl "180+1"]
[EndTime "11:08:25 PST"]
[Termination "Murad_Ibrahimli won by resignation"]

1. d4 d5 2. c3 c6 3. Nf3 Nf6 4. Bf4 g6 5. e3 Bg7 6. c4 O-O 7.
Nc3 Bg4 8. h3 Bxf3 9. Qxf3 e6 10. Be2 Nbd7 11. O-O Qe7 12. Rfd1 a6 13. Rac1 Rac8 14.
e4 dxe4 15. Nxe4 Nxe4 16. Qxe4 e5 17. dxe5 Nxe5 18. Bf1 Rfe8 19. Re1 Qb4 20. Qb1 Nd7 21. b3 Bd4 22. Rcd1 Qb6 23. Qc2 Nf6 24. Bg5 Nh5 25.
Bh4 Kg7 26. Be2 Bf6 27. Bxf6+ Nxf6 28. Bf3 Qc5 29. Qd2 h5 30. g3 h4 31. g4 a5 32. Bg2 Qb4 33. Qg5 Rxe1+ 34. Rxe1 Qxe1+ 35. Kh2 Qxf2 0-1

[Event "*** Titled Tuesday Blitz"]
[Site "Chess.com"]
[Date "2021.02.02"]
[Round "6"]
[White "RobertoJBM"]
[Black "Gerodot71"]
[Result "1-0"]
[WhiteElo "2775"]
[BlackElo "2468"]
[TimeControl "180+1"]
[EndTime "11:08:25 PST"]
[Termination "RobertoJBM won on time"]

1. d4 Nf6 2. Nf3 d5 3. e3 e6 4. Bd3 b6 5. O-O Bd6 6. Qe2 O-O 7. Nbd2 Bb7 8. e4 dxe4 9. Nxe4 Nxe4 10. Bxe4 Bxe4 11. Qxe4 Nd7 12. Rd1 Nf6 13. Qc6 Qd7 14. Qxd7 Nxd7 15. c4 f6 16. Be3 Kf7 17. Rac1 Rfd8 18.
c5 bxc5 19. dxc5 Be7 20. b4 Nf8 21. Nd4 Rd5 22. Nc6 Ke8 23. Bf4 Rxd1+ 24. Rxd1 e5 25. Be3 Ne6 26. Kf1 Nd8 27. Nxe7 Kxe7 28. b5 Nf7 29.
Ke2 Rb8 30. a4 Ra8 31. f4 Ke6 32. g4 g6 33. h3 f5 34. gxf5+ gxf5 35. fxe5 Nxe5 36.
Bf4 a6 37. b6 cxb6 38. cxb6 a5 39. Bxe5 Kxe5 40. Rd7 Rb8 41. b7 h5 42. h4 Kf4 43.
Rg7 1-0

[Event "*** Titled Tuesday Blitz"]
[Site "Chess.com"]
[Date "2021.02.02"]
[Round "6"]
[White "oogee"]
[Black "Snegokhod"]
[Result "0-1"]
[WhiteElo "2350"]
[BlackElo "2526"]
[TimeControl "180+1"]
[EndTime "11:08:25 PST"]
[Termination "Snegokhod won on time"]

1. d4 Nf6 2. c4 g6 3. Nc3 d5 4.
Qb3 dxc4 5. Qxc4 Bg7 6. e4 O-O 7. Be2 c6 8. Nf3 a5 9. O-O a4 10. Rd1 Qa5 11. Bg5 Bg4 12. Bh4 b5 13. Qd3 b4 14. Nb1 Rd8 15. Nbd2 c5 16. d5 Nbd7 17. Nc4 Qa7 18. e5 Bf5 19. Qe3 Ng4 20. Qf4 f6 21. e6 Nde5 22. Nfxe5 Nxe5 23. Nxe5 fxe5 24. Qg5 Bf6 25. Qh6 Rd6 26. Bxf6 exf6 27. Bc4 Qg7 28. Qe3 Rc8 29. b3 a3 30. Qf3 h5 31.
h3 h4 32. Qe3 Kh7 33. Re1 g5 34. Rad1 Bg6 35. Qf3 Qe7 36. g3 hxg3 37. fxg3 Kg7 38. Rf1 Rh8 39. Kg2 e4 40. Qe3 Rc8 41. Rf2 f5 42. Rdf1 Qf6 43. g4 f4 44. Rxf4 gxf4 45. Rxf4 Qd4 46. Qc1 Qb2+ 47. Qxb2+ axb2 0-1

[Event "*** Titled Tuesday Blitz"]
[Site "Chess.com"]
[Date "2021.02.02"]
[Round "6"]
[White "Oleksandr_Bortnyk"]
[Black "Goryachkina"]
[Result "1-0"]
[WhiteElo "2903"]
[BlackElo "2659"]
[TimeControl "180+1"]
[EndTime "11:08:26 PST"]
[Termination "Oleksandr_Bortnyk won on time"]

1. e4 c6 2. d4 d5 3. Nc3 dxe4 4. Nxe4 Nf6 5. Nxf6+ exf6 6. c3 Bf5 7. Bd3 Bxd3 8. Qxd3 Bd6 9. Nf3 O-O 10. O-O Nd7 11. a4 Re8 12. a5 a6 13. Bd2 Nc5 14. Qc2 Ne4 15. Be3 f5 16. Rfe1 h6 17. h3 Qf6 18.
Re2 Bc7 19. Rae1 Bxa5 20. Bf4 Re6 21. Be5 Qd8 22. g4 Ng5 23. Qxf5 Nxf3+ 24. Qxf3 Qd5 25. Qd3 b5 26. f4 f6 27. f5 Ree8 28. Bf4 Rxe2 29.
Rxe2 Bb6 30. Re6 Kh7 31. Qe3 Ra7 32. Bxh6 gxh6 33. Rxf6 Rf7 34. Qxh6+ 1-0

[Event "*** Titled Tuesday Blitz"]
[Site "Chess.com"]
[Date "2021.02.02"]
[Round "6"]
[White "doons21"]
[Black "Sergienko_Sergey"]
[Result "1-0"]
[WhiteElo "2552"]
[BlackElo "2387"]
[TimeControl "180+1"]
[EndTime "11:08:27 PST"]
[Termination "doons21 won by resignation"]

1. e4 c5 2. c3 d5 3. exd5 Qxd5 4. d4 Nf6 5. Nf3 Bg4 6. Be2 e6 7. Na3 cxd4 8. Nb5 Qd8 9. Nbxd4 Be7 10. Qa4+ Nbd7 11. O-O O-O 12. h3 Bh5 13. Rd1 a6 14. Bf4 Qb6 15. Qb3 Qxb3 16. Nxb3 Nd5 17. Bg3 Nc5 18.
Nxc5 Bxc5 19. Kf1 Rfd8 20. Ne5 Bxe2+ 21. Kxe2 f6 22. Nd3 Be7 23. c4 Nb4 24. Nxb4 Bxb4 25.
a3 Be7 26. b4 Kf7 27. c5 e5 28. f4 exf4 29. Bxf4 g5 30. Bc7 Rxd1 31. Rxd1 Ke6 32. Kd3 Rc8 33. Re1+ Kd7 34. Bg3 Rc6 35. Kc4 Re6 36. Rd1+ Kc6 37. a4 Re4+ 38. Rd4 b5+ 39.
axb5+ axb5+ 40. Kd3 Rxd4+ 41. Kxd4 Bd8 42. Ke4 h5 43.
Bd6 g4 44. hxg4 hxg4 45. Kf5 Kd5 46. Kxg4 Kc4 47. c6 1-0

[Event "*** Titled Tuesday Blitz"]
[Site "Chess.com"]
[Date "2021.02.02"]
[Round "6"]
[White "anon481216"]
[Black "ViktoriyaTarasova"]
[Result "1-0"]
[WhiteElo "2451"]
[BlackElo "2292"]
[TimeControl "180+1"]
[EndTime "11:08:28 PST"]
[Termination "anon481216 won by resignation"]

1. d4 Nf6 2. c4 e6 3. Nf3 b6 4. g3 Ba6 5. Qc2 d5 6. cxd5 exd5 7. Bg2 Bd6 8. O-O O-O 9. Ne5 Bb7 10.
Nc3 Nbd7 11. f4 c5 12. e3 Rc8 13. Bh3 cxd4 14. exd4 Rc7 15. Qg2 Nb8 16. f5 a6 17.
g4 Ne4 18. Nxe4 dxe4 19. g5 e3 20. Qe2 Qxg5+ 21. Ng4 Qh4 22. Qxe3 Re7 23. Qb3 Re2 24. Bf4 Bxf4 25. Rxf4 Qg5 26. Qg3 Nc6 27. Rd1 Rfe8 28.
d5 Ne7 29. Bg2 Nxf5 30. Rxf5 Qxf5 31. Nh6+ Kh8 32. Nxf5 g6 33. Qc3+ R2e5 34. Re1 f6 35.
Rxe5 Rxe5 36. Nd6 Bxd5 37. Bxd5 Rxd5 38. Qxf6+ Kg8 39. Qf7+ 1-0

[Event "*** Titled Tuesday Blitz"]
[Site "Chess.com"]
[Date "2021.02.02"]
[Round "6"]
[White "Hikaru"]
[Black "Lagmantr"]
[Result "1-0"]
[WhiteElo "3173"]
[BlackElo "2760"]
[TimeControl "180+1"]
[EndTime "11:08:29 PST"]
[Termination "Hikaru won by resignation"]

1. e4 c5 2. Nf3 d6 3. Bb5+ Nd7 4. c4 a6 5. Ba4 e5 6. Nc3 Nf6 7. a3 Be7 8. b4 O-O 9. Rb1 Nb6 10. Bb3 Be6 11. d3 cxb4 12. axb4 a5 13. bxa5 Rxa5 14.
Bc2 Nfd7 15. O-O f5 16. exf5 Bxf5 17. h3 Nc5 18. Be3 Nbd7 19. Nd5 Ra3 20. d4 Bxc2 21.
Qxc2 exd4 22. Nxd4 Ne5 23. Nf5 Bf6 24. Bxc5 dxc5 25.
Rxb7 Kh8 26. Rfb1 Nc6 27. Qe4 Nd4 28. Nfe3 Ne2+ 29. Kh1 Nc3 30. Nxc3 Bxc3 31. Nd5 Bd4 32. f3 Ra1 33. Rxa1 Bxa1 34. Qe7 Bd4 35. Qxd8 Rxd8 36.
g4 h6 37. Kg2 Ra8 38. h4 Ra4 39. f4 Rxc4 40. Kf3 Ra4 41. Rb8+ Kh7 42. Rc8 c4 43. h5 c3 44. Ne7 g5 45. hxg6+ Kg7 46. Rc6 Ra3 47. Nf5+ 1-0

[Event "*** Titled Tuesday Blitz"]
[Site "Chess.com"]
[Date "2021.02.02"]
[Round "6"]
[White "Sokoloco"]
[Black "Mr_Sinigami"]
[Result "0-1"]
[WhiteElo "2487"]
[BlackElo "2648"]
[TimeControl "180+1"]
[EndTime "11:08:29 PST"]
[Termination "Mr_Sinigami won by resignation"]

1. b3 Nf6 2. Bb2 d5 3. e3 Bf5 4. f4 e6 5. Nf3 h6 6. Bb5+ c6 7.
Be2 Nbd7 8. O-O Be7 9. d3 O-O 10. Nbd2 a5 11. a4 Qb6 12. Kh1 Ng4 13. Qe1 Nxe3 14.
Rc1 Nxf1 15. Nxf1 Bf6 16. Ne5 Nxe5 17. fxe5 Bg5 18. Rd1 c5 19. h4 Be7 20. Ne3 Bh7 21. Qg3 Kh8 22. Rf1 Qd8 23. h5 Bh4 24. Qh3 Bg5 25.
Ng4 Qe7 26. Qf3 Rac8 27. Nf2 c4 28. dxc4 dxc4 29. Bxc4 Bxc2 30. Ne4 Rcd8 31. Nd6 f6 32. exf6 Bxf6 33. Bxf6 Rxf6 34. Nf7+ Qxf7 0-1

[Event "*** Titled Tuesday Blitz"]
[Site "Chess.com"]
[Date "2021.02.02"]
[Round "6"]
[White "PawnEatingZombie"]
[Black "Joseacorrea"]
[Result "1-0"]
[WhiteElo "2237"]
[BlackElo "2023"]
[TimeControl "180+1"]
[EndTime "11:08:29 PST"]
[Termination "PawnEatingZombie won by resignation"]

1. d4 e6 2. c4 f5 3. a3 Nf6 4. Nc3 d5 5. Bf4 c6 6. e3 Be7 7. Qc2 O-O 8. Bd3 Nbd7 9. cxd5 cxd5 10. Nb5 Qa5+ 11. Ke2 Ne4 12. Nc7 g5 13. Nxa8 gxf4 14. Nc7 Ndf6 15. Nb5 a6 16. Nc3 fxe3 17. fxe3 Ng4 18.
Nf3 Bd7 19. b4 Qb6 20. Rac1 Rc8 21. Qb3 Ngf2 22. Nxd5 Rxc1 23. Nxe7+ Kf7 24. Rxc1 Bb5 25. Bxb5 Qxb5+ 26. Qc4 Qxc4+ 27. Rxc4 Kxe7 28. Rc7+ Kf6 29. Rxb7 Ng4 30. Rxh7 Nh6 31. Rxh6+ Kg7 32. Rxe6 Nc3+ 33. Kd3 Nb5 34. Rxa6 Nc7 35. Ra7 1-0